 Dungeon Crawl Stone Soup version 0.30.0-29-ga12c61a403 (webtiles) character file.

Game seed: 17604291752637611698

2347 Peloso the Carver (level 9, -6/78 (79) HPs)
             Began as a Minotaur Fighter on June 17, 2023.
             Mangled by a vampire (8 damage)
             ... on level 8 of the Dungeon.
             The game lasted 00:09:52 (6144 turns).

Peloso the Carver (Minotaur Fighter)                Turns: 6144, Time: 00:09:53

HP:   -6/78 (79)    AC: 12    Str: 23    XL:     9   Next: 20%
MP:   8/8           EV:  9    Int:  5    God:
Gold: 434           SH:  5    Dex: 12    Spells: 8/8 levels left

rFire   . . .        a - +0 long sword
rCold   . . .        d - +0 buckler
rNeg    . . .        b - +0 chain mail
rPois   .            (helmet restricted)
rElec   .            c - +0 cloak
rCorr   +            (no gloves)
SInv    .            (no boots)
Will    .....        (no amulet) Stlth
                     e - ring of resist corrosion
HPRegen 0.33/turn    (no ring)
MPRegen 0.11/turn

%: no passive effects
@: about to teleport, lightly drained
A: horns 2, retaliatory headbutt
a: no special abilities


You were on level 8 of the Dungeon.
You visited 1 branch of the dungeon, and saw 8 of its levels.

You collected 434 gold pieces.

Inventory:

Hand Weapons
 a - a +0 long sword (weapon)
Missiles
 g - 2 throwing nets (quivered)
Armour
 b - a +0 chain mail (worn)
 c - a +0 cloak (worn)
 d - a +0 buckler (worn)
Jewellery
 e - a ring of resist corrosion (left hand)
 k - a +6 ring of intelligence
 m - an amulet of magic regeneration
Wands
 t - a wand of roots (8)
Scrolls
 h - 2 scrolls of teleportation
 i - 2 scrolls of immolation
 n - a scroll of noise
 p - a scroll of vulnerability {unknown}
 r - a scroll of butterflies {unknown}
 s - a scroll of fog {unknown}
 v - a scroll of torment {unknown}
Potions
 j - a potion of curing
 l - 3 potions of might
 o - a potion of cancellation {unknown}
 q - a potion of haste {unknown}
 u - a potion of flight {unknown}
 w - a potion of mutation {unknown}


   Skills:
 + Level 7.3 Fighting
 + Level 9.5 Long Blades
 + Level 7.6 Armour
 + Level 2.7 Dodging
 + Level 0.5 Stealth
 + Level 6.8 Shields


You had 8 spell levels left.
You didn't know any spells.
Your spell library contained the following spells:

 Spells                   Type           Power      Damage    Failure   Level
 Apportation              Tloc           0%         N/A       97%         1
 Freeze                   Ice            0%         1d3       97%         1
 Necrotise                Necr           0%         1d4       97%         1
 Summon Small Mammal      Summ           0%         N/A       97%         1
 Frozen Ramparts          Ice            0%         1d1       100%        3
 Hailstorm                Conj/Ice       0%         3d3       100%        3
 Volatile Blastmotes      Fire/Tloc      0%         2d10      100%        3
 Summon Forest            Summ/Tloc      0%         N/A       100%        5
 Summon Horrible Things   Summ           0%         N/A       100%        8


Dungeon Overview and Level Annotations

Branches:
Dungeon (8/15)
 Temple: D:4-7         Lair: D:8-11

Altars:
Ashenzari
Gozag
Kikubaaqudgha
Makhleb
Nemelex Xobeh
The Shining One

Shops:
D:5 [

Annotations:
D:6 1 runed translucent door, klichko's ghost, novice GnWn
D:8 Erica


Innate Abilities, Weirdness & Mutations

You have a pair of horns on your head.
You reflexively headbutt those who attack you in melee.


Message History

The orc priest calls down the wrath of Beogh upon you.
Beogh smites you!
* * * LOW HITPOINT WARNING * * *
Items here: )) [[.
Unknown command.
You are too confused!
Unknown command.
You feel better. The vampire closely misses you. You furiously retaliate!
You headbutt the vampire! The vampire barely misses you.
You block the orc priest's attack.
Okay, then.
As you read the scroll of fear, it crumbles to dust.
You assume a fearsome visage.
Erica looks frightened!
The vampire is unaffected.
The orc priest looks frightened!
The vampire draws life force from you!!
* * * LOW HITPOINT WARNING * * *
The vampire is healed by the life force!
Erica cries, "Help!"
Erica gestures wildly while chanting.
Erica flickers and vanishes!
Deactivating autopickup; reactivate with Ctrl-A.
Okay, then.
The vampire attacks as you move away! The vampire hits you.
* * * LOW HITPOINT WARNING * * *
The vampire bites you but does no damage.
The vampire gestures at you while chanting.
You are confused.
You see here a +0 shortbow.
You feel better.
As you read the scroll of teleportation, it crumbles to dust.
You feel strangely unstable. You block the vampire's attack.
The vampire closely misses you. The vampire attacks as you move away!
You block the vampire's attack. The vampire bites you.
* * * LOW HITPOINT WARNING * * *
The vampire draws strength from your injuries!
The vampire attacks as you move away! The vampire hits you!
* * * LOW HITPOINT WARNING * * *
The vampire bites you!
You die...

#..#..###....>...
###...#.#..).......
#.....#....).......
........#...............
.......##...............
..........###)#.........
.##.......# #)##......#.
##......###.#.V..#..#
.......##{.##@####.#
...###......##..# .#
#.......##..##
#.V##.........##.#.. #.
#.......<....<..
................
.##....#...#..... ..
##...#...#..###
#..#.....# ..#


You could see a vampire.

Vanquished Creatures
  Sigmund (D:2)
  Eustachio (D:4)
  A steam dragon (D:8)
  Edmund (D:5)
  A water moccasin (D:6)
  2 ice beasts
  A black bear (D:6)
  2 ogres
  A centaur (D:8)
  A phantom (D:6)
  A bullfrog (D:8)
  3 scorpions
  2 wights (D:8)
  3 vampire bats (D:5)
  2 hounds (D:4)
  2 orc priests
  3 jellies
  2 sleepcaps
  6 iguanas
  An orc wizard (D:5)
  Robin (D:2)
  2 gnolls (D:1)
  8 adders
  A shadow imp (D:6)
  2 worms
  A dart slug (D:1)
  18 orcs
  4 bat skeletons (D:5)
  A bat zombie (D:5)
  6 endoplasms
  4 giant cockroaches
  8 goblins
  12 hobgoblins
  7 kobolds
  8 quokkas
  3 ball pythons
  5 bats
  3 frilled lizards
  5 rats
136 creatures vanquished.

Vanquished Creatures (others)
  2 orcs (D:8)
2 creatures vanquished.

Grand Total: 138 creatures vanquished

Notes
Turn   | Place    | Note
-------+----------+-------------------------------------------
     0 | D:1      | Peloso the Minotaur Fighter began the quest for the Orb.
     0 | D:1      | Reached XP level 1. HP: 19/19 MP: 0/0
    60 | D:1      | Reached XP level 2. HP: 15/27 MP: 1/1
   258 | D:1      | Found a faded altar of an unknown god.
   368 | D:1      | Reached XP level 3. HP: 33/33 MP: 2/2
  1414 | D:2      | Reached skill level 3 in Long Blades
  1414 | D:2      | Reached XP level 4. HP: 41/41 MP: 3/3
  1453 | D:2      | Noticed Sigmund
  1460 | D:2      | Killed Sigmund
  1461 | D:2      | Reached skill level 4 in Long Blades
  1461 | D:2      | Reached skill level 5 in Armour
  1461 | D:2      | Reached skill level 1 in Dodging
  1461 | D:2      | Reached XP level 5. HP: 36/47 MP: 4/4
  1553 | D:2      | Noticed Robin
  1589 | D:2      | Killed Robin
  2069 | D:2      | Reached skill level 5 in Long Blades
  2069 | D:2      | Reached XP level 6. HP: 53/53 MP: 5/5
  2295 | D:3      | You fall into a shaft and drop 3 floors!
  2453 | D:6      | Reached skill level 5 in Fighting
  2502 | D:6      | Reached skill level 6 in Long Blades
  2502 | D:6      | Reached XP level 7. HP: 48/61 MP: 6/6
  2608 | D:5      | Entered Level 5 of the Dungeon
  2627 | D:5      | Found Itsek's Armour Emporium.
  2693 | D:3      | Found a broken altar of Ashenzari.
  3033 | D:3      | Reached skill level 5 in Shields
  3138 | D:3      | Found a sparkling altar of Nemelex Xobeh.
  3142 | D:3      | Found an opulent altar of Gozag.
  3498 | D:4      | Noticed Eustachio
  3528 | D:4      | Killed Eustachio
  3529 | D:4      | Reached skill level 7 in Long Blades
  3779 | D:4      | Reached XP level 8. HP: 29/70 MP: 7/7
  4239 | D:4      | Found a burning altar of Makhleb.
  4497 | D:5      | Noticed Edmund
  4515 | D:5      | Killed Edmund
  4516 | D:5      | Reached skill level 8 in Long Blades
  4712 | D:5      | Got the Anthology of the Inflammable Commander
  5050 | D:5      | Found an ancient bone altar of Kikubaaqudgha.
  5575 | D:6      | Reached skill level 9 in Long Blades
  5576 | D:6      | Found a runed translucent door.
  5601 | D:6      | Noticed klichko's ghost (novice GnWn)
  5677 | D:6      | Found a glowing golden altar of the Shining One.
  5903 | D:8      | Reached XP level 9. HP: 79/79 MP: 8/8
  6128 | D:8      | Noticed Erica
  6140 | D:8      | HP: 2/78 [vampire (4)]
  6144 | D:8      | Mangled by a vampire

Illustrated notes

Levels and vault maps discovered:
D:1:      saegor_arrival_simple_e, layout_loops_ring, basic_ecumenical_altar
D:2:      layout_basic, minmay_tetromino_o4, uniq_robin, uniq_sigmund
D:3:      layout_loops_ring, grunt_temple_overflow_opulence,
          nicolae_ashenzari_skybound
D:4:      layout_loops_ring, bloody_makhleb, uniq_eustachio
D:5:      layout_loops_ring, kennysheep_vampire_church, serial_shops,
          nicolae_shop_scrapyard, uniq_edmund
D:6:      layout_basic, tso_altar, ebering_ghost_sewer_d
D:7:      layout_loops_ring, grunt_dithmenos_shadows, temple_green,
          nicolae_shop_firing_range
D:8:      layout_cave_pools, amcnicky_altar_gilded, uniq_maggie, uniq_erica

Skill      XL: |  1  2  3  4  5  6  7  8 |
---------------+-------------------------+-----
Armour         | 4 5 6 7 |  7.6
Fighting       | 4 5 7 |  7.3
Shields        | 4 5 6 |  6.8
Long Blades    | 3 4 5 6 7 9 |  9.5
Dodging        | 1 2 |  2.7
Stealth        | |  0.5

Action                     |  1- 3 |  4- 6 |  7- 9 || total
---------------------------+-------+-------+-------++-------
  Melee: Long sword        |    66 |    88 |   289 ||   443
         Headbutt          |     9 |    15 |    59 ||    83
    Use: Scroll            |     2 |       |     7 ||     9
         Potion            |       |     2 |     3 ||     5
 Armour: Scale mail        |    27 |    35 |       ||    62
         Chain mail        |       |     3 |   151 ||   154
  Dodge: Dodged            |    27 |    44 |   122 ||   193
  Block: Buckler           |    13 |    25 |    85 ||   123
